 Dungeon Crawl Stone Soup version 0.30.1-9-gdf580d7c3d (webtiles) character file.

Game seed: 13436037599362460796

210 CaptainMV the Magician (level 5, -7/44 HPs)
             Began as a Naga Wanderer on Oct 23, 2023.
             Mangled by a black bear (9 damage)
             ... on level 3 of the Dungeon.
             The game lasted 00:12:28 (1140 turns).

CaptainMV the Magician (Naga Wanderer)              Turns: 1140, Time: 00:12:29

Health: -7/44      AC:  3    Str: 11    XL:     5   Next: 87%
Magic:  8/11       EV:  9    Int: 16    God:
Gold:   97         SH:  0    Dex: 12    Spells: 10/13 levels left

rFire   . . .        b - +0 scythe (vamp)
rCold   . . .        (shield currently unavailable)
rNeg    . . .        d - +0 robe
rPois   +            (no helmet)
rElec   .            (no cloak)
rCorr   .            g - +0 pair of gloves
SInv    +            (no barding)
Will    .....        l - amulet of regeneration
Stlth   +++          (no ring)
HPRegen 1.07/turn    (no ring)
MPRegen 0.12/turn

%: no passive effects
@: very slightly contaminated, very slow
A: AC +1, large, see invisible, deformed body, poison resistance, slowness 2,
spit poison 1, naga tail 1
a: Spit Poison


You were on level 3 of the Dungeon.
You visited 1 branch of the dungeon, and saw 3 of its levels.

You collected 97 gold pieces.

Inventory:

Hand Weapons
 a - a +1 short sword
 b - a +0 vampiric scythe (weapon)
Missiles
 f - 12 poisoned darts (quivered)
 k - 2 silver boomerangs
Armour
 d - a +0 robe (worn)
 g - a +0 pair of gloves (worn)
Jewellery
 i - a ring of ice
 l - an amulet of regeneration (around neck)
Scrolls
 c - a scroll of blinking
 e - a scroll of enchant weapon
 q - a scroll of fog
Potions
 h - 2 potions of flight
 j - a potion of attraction {unknown}
 m - a potion of resistance {unknown}
 n - 2 potions of cancellation {unknown}
 o - 2 potions of curing
 p - 4 potions of lignification {unknown}
 r - 2 potions of haste {unknown}


   Skills:
 + Level 1.2 Fighting
 + Level 1.3 Short Blades
 + Level 0.2 Dodging
 + Level 4.4 Stealth
 + Level 4.5 Spellcasting
 + Level 2.8 Earth Magic
 + Level 2.0 Invocations


You had 10 spell levels left.
You knew the following spells:

 Your Spells              Type           Power      Damage    Failure   Level
a - Foxfire               Conj/Fire      12%        2x1d4     16%         1
b - Freeze                Ice            12%        1d3       16%         1
c - Sandblast             Erth           24%        2d8       4%          1

Your spell library contained the following spells:

 Spells                   Type           Power      Damage    Failure   Level
 Passwall                 Tmut/Erth      6%         N/A       14%         2
 Beastly Appendage        Tmut           6%         N/A       16%         1
 Kiss of Death            Conj/Necr      12%        2d6       16%         1
 Magic Dart               Conj           12%        1d3       16%         1
 Summon Small Mammal      Summ           12%        N/A       16%         1
 Blink                    Tloc           6%         N/A       24%         2
 Ensorcelled Hibernation  Hex/Ice        6%         N/A       24%         2
 Stone Arrow              Conj/Erth      16%        3d8       26%         3
 Dazzling Flash           Conj/Hex       6%         N/A       43%         3
 Swiftness                Air            3%         N/A       43%         3
 Volatile Blastmotes      Fire/Tloc      6%         2d10      43%         3
 Lee's Rapid Deconstruct  Erth           6%         3d6*      80%         5
 Iskenderun's Mystic Bla  Conj/Tloc      3%         2d3       85%         4
 Blade Hands              Tmut           1%         N/A       99%         5
 Iskenderun's Battlesphe  Conj           3%         2d6       99%         5
 Starburst                Conj/Fire      1%         6d3       100%        6
 Fire Storm               Conj/Fire      1%         8d1       100%        9


Dungeon Overview and Level Annotations

Branches:
Dungeon (3/15)

Altars:


Innate Abilities, Weirdness & Mutations

Your serpentine skin is tough. (AC +1)
You have supernaturally acute eyesight. (SInv)
Armour fits poorly on your strangely shaped body.
Your system is resistant to poisons. (rPois)
You cover ground very slowly.
You can spit poison.
You have a snake-like lower body.


Message History

The black bear claws you but does no damage. x2
You puncture the black bear!
You feel better.
The black bear is almost dead.
The black bear goes berserk!
You hit the black bear.
The black bear is almost dead.
The black bear bites you. The black bear claws you.
The black bear claws you but does no damage.
The black bear bites you but does no damage.
The black bear closely misses you. The black bear claws you.
You hit the black bear.
You feel better.
The black bear is almost dead.
The black bear bites you but does no damage.
The black bear claws you but does no damage.
The black bear barely misses you. The black bear bites you!
The black bear barely misses you. The black bear claws you.
* * * LOW HITPOINT WARNING * * *
The black bear bites you.
* * * LOW HITPOINT WARNING * * *
The black bear claws you but does no damage. x2
Unknown command.
Casting: Sandblast (safe; 4% risk of failure)
Confirm with . or Enter, or press ? or * to list all spells.
Aiming: Sandblast (safe; 4% risk of failure)
Press: ? - help, Shift-Dir - straight line, f/p - black bear
Aim: a black bear (almost dead, berserk, 87% to hit)
You miscast Sandblast.
You are very lightly contaminated with residual magic.
Nothing appears to happen.
The black bear bites you.
* * * LOW HITPOINT WARNING * * *
The black bear claws you but does no damage.
The black bear claws you.
* * * LOW HITPOINT WARNING * * *
Casting: Sandblast (safe; 4% risk of failure)
Confirm with . or Enter, or press ? or * to list all spells.
Aiming: Freeze (safe; 16% risk of failure)
Press: ? - help, Shift-Dir - straight line, f/p - black bear
Aim: a black bear (almost dead, berserk)
You miscast Freeze.
Nothing appears to happen.
The black bear bites you!
You die...

#### # ...# #.####
...# >....+...+
#......# ####h@####
##........#
##....).....##
##............##
##..............##
##................##
#..................#
#...)..8..).8......#
#..................#


You could see a black bear (berserk).

Vanquished Creatures
  Sigmund (D:2)
  A dart slug (D:1)
  4 bats
  3 endoplasms
  2 giant cockroaches
  6 goblins
  4 hobgoblins
  4 jackals (D:1)
  3 quokkas
  7 ball pythons
  3 frilled lizards
  3 kobolds
  4 rats
45 creatures vanquished.

Notes
Turn   | Place    | Note
-------+----------+-------------------------------------------
     0 | D:1      | CaptainMV the Naga Wanderer began the quest for the Orb.
     0 | D:1      | CaptainMV set off with the following items: a +0 short
                  | sword, a +0 pair of gloves, a scroll of blinking, a +0
                  | robe; and the following spells available to memorise:
                  | Foxfire, Freeze, Summon Small Mammal, Blink.
     0 | D:1      | Reached XP level 1. HP: 18/18 MP: 4/4
     2 | D:1      | Learned a level 1 spell: Foxfire
     4 | D:1      | Learned a level 1 spell: Freeze
    69 | D:1      | Identified a scroll of acquirement
    69 | D:1      | Acquired Wautaon's Folio of Solid Vicissitude
   174 | D:1      | Learned a level 1 spell: Sandblast
   250 | D:1      | Reached XP level 2. HP: 22/25 MP: 6/6
   455 | D:1      | Reached XP level 3. HP: 28/31 MP: 6/8
   534 | D:1      | Reached skill level 1 in Earth Magic
   793 | D:2      | Noticed Sigmund
   797 | D:2      | Killed Sigmund
   798 | D:2      | Reached XP level 4. HP: 38/38 MP: 7/10
   798 | D:2      | Reached XP level 5. HP: 44/44 MP: 7/11
   818 | D:2      | Acquired the Vellum of Fulmination and Ignition
  1127 | D:3      | Noticed a black bear
  1139 | D:3      | HP: 1/44 [black bear (5)]
  1140 | D:3      | Mangled by a black bear

Illustrated notes

Levels and vault maps discovered:
D:1:      amcnicky_arrival_gap_in_the_tavern_cellar, layout_loops_cross,
          grunt_decor_arrowhead
D:2:      layout_basic, nicolae_concentric_dashed_squares_wild,
          uniq_crazy_yiuf_cottage, uniq_sigmund
D:3:      layout_basic, lemuel_round_altar, kennysheep_big_empty_room,
          corexii_shack

Skill      XL: |  1  2  3 |
---------------+----------+-----
Earth Magic    | 2 |  2.8
Stealth        | 4 |  4.4
Spellcasting   | 4 |  4.5
Fighting       | |  1.2
Short Blades   | |  1.3
Dodging        | |  0.2
Invocations    | |  2.0

Action                     |  1- 3 |  4- 6 || total
---------------------------+-------+-------++-------
  Melee: Short sword       |    34 |     3 ||    37
         Halberd           |       |    11 ||    11
   Cast: Sandblast         |    32 |     8 ||    40
Ability: Spit Poison       |     1 |     1 ||     2
    Use: Scroll            |     5 |     3 ||     8
   Stab: Sleeping          |     3 |     2 ||     5
 Armour: Robe              |     7 |    21 ||    28
  Dodge: Dodged            |    22 |    11 ||    33
